 Dungeon Crawl Stone Soup version 0.28.0-53-g5a82cb258f (webtiles) character file.

Game seed: 1713918465598207479

471 Zeld the Skirmisher (level 6, -21/57 HPs)
             Began as a Minotaur Berserker on May 30, 2022.
             Was a Believer of Trog.
             Demolished by an ogre
             ... wielding a +0 giant club
              (30 damage)
             ... on level 4 of the Dungeon.
             The game lasted 00:03:27 (4889 turns).

Zeld the Skirmisher (Minotaur Berserker)            Turns: 4889, Time: 00:03:28

Health: -21/57     AC:  2    Str: 23    XL:     6   Next: 83%
Magic:  5/5        EV: 12    Int:  4    God:    Trog [**....]
Gold:   182        SH:  0    Dex: 10    Spells: 5/5 levels left

rFire   . . .      SeeInvis .   a - +0 war axe
rCold   . . .      Faith    .   (no shield)
rNeg    . . .      Spirit   .   b - +0 animal skin
rPois   .          Reflect  .   (helmet restricted)
rElec   .          Harm     .   (no cloak)
rCorr   .          Rampage  .   (no gloves)
Will    .....                   (no boots)
Stlth   +.........              (no amulet)
HPRegen 0.19/turn               (no ring)
MPRegen 0.09/turn               (no ring)

@: no status effects
A: horns 2, retaliatory headbutt
a: Renounce Religion, Berserk, Trog's Hand


You were on level 4 of the Dungeon.
You worshipped Trog.
Trog was pleased with you.
You visited 1 branch of the dungeon, and saw 4 of its levels.

You collected 182 gold pieces.

Inventory:

Hand Weapons
 a - a +0 war axe (weapon)
Armour
 b - a +0 animal skin (worn)
Jewellery
 f - a ring of protection from cold
Scrolls
 e - 2 scrolls of noise {unknown}
 g - 10 scrolls of identify {unknown}
Potions
 c - 2 potions of curing {unknown}
 d - a potion of berserk rage {unknown}
 h - a potion of degeneration {unknown}
 i - a potion of ambrosia {unknown}
 j - 3 potions of invisibility
 k - a potion of heal wounds {unknown}
 l - 2 potions of lignification {unknown}


   Skills:
 * Level 6.2 Fighting
 * Level 6.1 Axes
 + Level 4.1 Armour
 + Level 3.8 Dodging


You had 5 spell levels left.
You didn't know any spells.
Your spell library was empty.

Dungeon Overview and Level Annotations

Branches:
Dungeon (4/15)
 Temple: D:4-7

Altars:
Ashenzari
Sif Muna


Innate Abilities, Weirdness & Mutations

You have a pair of horns on your head.
You reflexively headbutt those who attack you in melee.


Message History

A ball python comes into view.
The ball python hisses angrily.
The ball python barely misses you. The ball python closely misses you.
Search for what [Enter for "armor", or ? for help]?
The ball python bites you. The ball python closely misses you.
You slash the ball python!
You kill the ball python!
Trog accepts your kill.
No target in view!
No target in view!
You see here a ball python corpse.
You see here a +0 club.
An ogre comes into view. It is wielding a +0 giant club.
The ogre shouts!
An ogre is nearby!
The ogre hits you with a +0 giant club!!
An ogre is nearby!
An ogre is nearby!
You slash the ogre! You headbutt the ogre.
The ogre is moderately wounded.
The ogre hits you with a +0 giant club!
You are too injured to fight recklessly!
You slash the ogre! You headbutt the ogre!
The ogre is almost dead.
A phantom comes into view.
The ogre hits you with a +0 giant club!
* * * LOW HITPOINT WARNING * * *
You are too injured to fight recklessly!
You are too injured to fight recklessly!
There is a stone staircase leading down here.
The ogre barely misses you.
There is a shaft here.
You slash the ogre! Your headbutt misses the ogre.
You punch the ogre, but do no damage.
The ogre is almost dead.
The ogre hits you with a +0 giant club!!
* * * LOW HITPOINT WARNING * * *
The ogre hits you with a +0 giant club!!
Ouch! That really hurt!
You die...

#.# #.#.#.......#
#.# #...#######W#
#.#
######W.#######.#
#.#
#......>......#.##
#.#
#.###########.#^..
#.# #.# #.#.## #.#
#.# #.#.W. #.# #O#
#.#... #†###@#
#.#### #.....#
#..W.. #######
######


You could see an ogre.

Vanquished Creatures
  A water moccasin (D:4)
  2 ogres (D:4)
  An orc priest (D:4)
  An iguana (D:4)
  An orc wizard (D:4)
  A gnoll (D:1)
  5 adders
  2 worms (D:2)
  A dart slug (D:2)
  4 orcs
  5 endoplasms
  2 giant cockroaches
  3 goblins
  5 hobgoblins
  3 jackals (D:1)
  3 quokkas
  6 ball pythons
  5 bats
  6 frilled lizards
  6 kobolds
  4 rats
67 creatures vanquished.

Notes
Turn   | Place    | Note
-------+----------+-------------------------------------------
     0 | D:1      | Zeld the Minotaur Berserker began the quest for the Orb.
     0 | D:1      | Reached XP level 1. HP: 19/19 MP: 0/0
   223 | D:1      | Reached XP level 2. HP: 27/27 MP: 1/1
   847 | D:1      | Reached XP level 3. HP: 29/33 MP: 2/2
  1362 | D:2      | Reached ** piety under Trog
  2216 | D:3      | Found a faded altar of an unknown god.
  2306 | D:3      | Reached XP level 4. HP: 23/41 MP: 3/3
  2674 | D:3      | Found a broken altar of Ashenzari.
  2954 | D:3      | Found a shimmering blue altar of Sif Muna.
  3745 | D:4      | Reached skill level 5 in Fighting
  3957 | D:4      | Noticed an ogre
  3962 | D:4      | Killed an ogre
  3963 | D:4      | Reached skill level 5 in Axes
  3963 | D:4      | Reached XP level 5. HP: 48/48 MP: 4/4
  4428 | D:4      | Reached XP level 6. HP: 30/56 MP: 5/5
  4639 | D:4      | Noticed a water moccasin
  4645 | D:4      | Killed a water moccasin
  4889 | D:4      | Demolished by an ogre

Illustrated notes

Levels and vault maps discovered:
D:1:      wander_arrival_desolate, layout_basic
D:2:      layout_loops_corners
D:3:      layout_basic, lemuel_blue_sif_altar, ashenzari_conservatory_becter,
          shapermc_ecumenical_altar_mp_highgroup
D:4:      layout_basic, guppyfry_early_lair_pool

Skill      XL: |  1  2  3  4  5  6 |
---------------+-------------------+-----
Fighting       | 4 5 6 |  6.2
Axes           | 4 5 6 |  6.1
Armour         | 3 4 |  4.1
Dodging        | 3 |  3.8

Action                   |  1- 3 |  4- 6 || total
-------------------------+-------+-------++-------
Melee: Hand axe          |    80 |    56 ||   136
       Headbutt          |    13 |    13 ||    26
       Punch             |     4 |     2 ||     6
       War axe           |       |    10 ||    10
Invok: Berserk           |       |     1 ||     1
 Stab: Sleeping          |     1 |       ||     1
Armor: Animal skin       |    12 |    11 ||    23
Dodge: Dodged            |    45 |    48 ||    93
